 Dungeon Crawl Stone Soup version 0.29-a0-360-g8ed1089bbe (webtiles) character file.

Game seed: 14119432210858097794

3 NinjaNoafa the Grave Robber (level 1, 0/13 HPs)
             Began as a Demonspawn Necromancer on Apr 28, 2022.
             Slain by a quokka (4 damage)
             ... on level 1 of the Dungeon.
             The game lasted 00:00:45 (128 turns).

NinjaNoafa the Grave Robber (Demonspawn Necromancer) Turns: 128, Time: 00:00:45

Health: 0/13       AC:  2    Str:  8    XL:     1   Next: 41%
Magic:  0/3        EV: 12    Int: 16    God:
Gold:   12         SH:  0    Dex: 13    Spells: 3/4 levels left

rFire   . . .      SeeInvis .   c - +0 dagger
rCold   . . .      Faith    .   (no shield)
rNeg    . . .      Spirit   .   a - +0 robe
rPois   .          Reflect  .   (no helmet)
rElec   .          Harm     .   (no cloak)
rCorr   .          Rampage  .   (no gloves)
Will    .....                   (no boots)
Stlth   ++........              (no amulet)
HPRegen 0.04/turn               (no ring)
MPRegen 0.08/turn               (no ring)

@: no status effects
A: no striking features
a: no special abilities


You were on level 1 of the Dungeon.
You visited 1 branch of the dungeon, and saw 1 of its levels.

You collected 12 gold pieces.

Inventory:

Hand Weapons
 c - a +0 dagger (weapon)
Armour
 a - a +0 robe (worn)
Scrolls
 e - a scroll of vulnerability {unknown}
Potions
 b - a potion of magic
 d - a potion of haste {unknown}


   Skills:
 + Level 0.2 Fighting
 + Level 1.8 Dodging
 + Level 1.8 Stealth
 + Level 2.0 Spellcasting
 + Level 4.4 Necromancy


You had 3 spell levels left.
You knew the following spells:

 Your Spells              Type           Power      Damage    Failure   Level
a - Pain                  Necr           60%        1d7       3%          1

Your spell library contained the following spells:

 Spells                   Type           Power      Damage    Failure   Level
 Animate Skeleton         Necr           30%        N/A       3%          1
 Vampiric Draining        Necr           15%        2d7       10%         3
 Animate Dead             Necr           7%         N/A       32%         4
 Agony                    Necr           15%        N/A       67%         5


Dungeon Overview and Level Annotations

Branches:
Dungeon (1/15)

Altars:


Message History

You see here a +0 dagger.
c - a +0 dagger
c - a +0 dagger (weapon)
Magic restored.
HP restored.
d - a silvery potion You now have 12 gold pieces.
Found a trident.
You see here a +0 trident.
e - a scroll labelled GONOAG QUZIGOA A kobold comes into view.
It is wielding a +0 short sword.
The kobold shouts!
A rat comes into view.
The kobold throws a stone.
The stone completely misses you.
A quokka comes into view.
The kobold barely misses you.
The kobold barely resists.
The kobold completely misses you.
The kobold writhes in agony.
The kobold completely misses you.
The kobold writhes in agony.
You kill the kobold!
The rat bites you but does no damage. The quokka attacks as you move away!
The quokka bites you. The rat misses you.
You are too injured to fight recklessly!
You are too injured to fight recklessly!
The rat attacks as you move away! The rat closely misses you.
The rat attacks as you move away! The rat closely misses you.
The rat attacks as you move away! The rat misses you.
The rat attacks as you move away! The rat bites you but does no damage.
Char dumped successfully.
You closely miss the rat. The rat barely misses you.
You hit the rat.
You kill the rat!
You hit the quokka.
The quokka is severely wounded.
The quokka bites you but does no damage.
The quokka barely resists.
The quokka bites you.
You closely miss the quokka.
The quokka is severely wounded.
The quokka bites you.
You die...

###.......####.....# #.....#
...##.#### ####### #.....# ###
#. ..# #.....# # ## #.# #.....#
.#. ####.#### ###### #.....#
...### #.......#
#....######.### .....#
#.##.##.# #)##........#
.#.#.####.##.##.###.###########
...)......##....@...#
...#.###..#####r##### .....#
#........# .....# #.########
###### #.# #.# ... .## #.


You could see a quokka.

Vanquished Creatures
  A goblin (D:1)
  A kobold (D:1)
  A rat (D:1)
3 creatures vanquished.

Notes
Turn   | Place    | Note
-------+----------+-------------------------------------------
     0 | D:1      | NinjaNoafa the Demonspawn Necromancer began the quest for
                  | the Orb.
     0 | D:1      | Reached XP level 1. HP: 13/13 MP: 3/3
   128 | D:1      | Slain by a quokka

Illustrated notes

Levels and vault maps discovered:
D:1:      lightli_arrival_boilingwater, layout_loops_cross

Action                   || total
-------------------------++-------
Melee: Dagger            ||     4
 Cast: Pain              ||     5
Armor: Robe              ||     3
Dodge: Dodged            ||     9

Table legend: (Time is in decaauts)
 A = Elapsed time spent in this place.
 B = Non-inter-level travel time spent in this place.
 C = Inter-level travel time spent in this place.
 D = Time resting spent in this place.
 E = Time spent auto-exploring this place.
 F = Levels seen in this place.
 G = Mean time per level.
                   A        B        C        D        E       F      G
               +--------+--------+--------+--------+--------+-----+--------+
         Total |    129 |    129 |      0 |      0 |     94 |   1 |  129.0 |
       Dungeon |    129 |    129 |      0 |      0 |     94 |   1 |  129.0 |
               +--------+--------+--------+--------+--------+-----+--------+

Top non-repeatable levels by time:
     D:1: 129 daAuts
